 Dungeon Crawl Stone Soup version 0.23.1 (webtiles) character file.

Game seed: 5982430045806984330

74 Marnok the Ruffian (level 4, -2/66 HPs)
             Began as a Troll Berserker on Mar 7, 2019.
             Was a Believer of Trog.
             Killed from afar by a white imp (5 damage)
             ... with a puff of frost
             ... summoned by Natasha
             ... on level 2 of the Dungeon.
             The game lasted 00:04:20 (710 turns).

Marnok the Ruffian (Troll Berserker)                 Turns: 710, Time: 00:04:21

Health: -2/66      AC:  6    Str: 31    XL:     4   Next: 10%
Magic:  3/3        EV: 10    Int:  3    God:    Trog [**....]
Gold:   72         SH:  0    Dex:  9    Spells: 3/3 levels left

rFire    . . .     SeeInvis .     - Unarmed
rCold    . . .     Gourm    +   (no shield)
rNeg     + . .     Faith    .   a - +0 animal skin
rPois    .         Spirit   .   (helmet restricted)
rElec    .         Reflect  .   (no cloak)
rCorr    .         Harm     .   (gloves unavailable)
MR       .....                  (boots unavailable)
Stlth    ..........             (no amulet)
HPRegen  0.61/turn              g - ring of positive energy
MPRegen  0.08/turn              (no ring)

@: berserking, slowed
A: large, unfitting armour, claws 3, fast metabolism 3, gourmand, regeneration
1, shaggy fur 1, tough skin 3
a: Berserk, Trog's Hand, Renounce Religion


You were on level 2 of the Dungeon.
You worshipped Trog.
Trog was pleased with you.
You were very full.

You visited 1 branch of the dungeon, and saw 2 of its levels.

You collected 72 gold pieces.

Inventory:

Armour
 a - a +0 animal skin (worn)
Jewellery
 g - a ring of positive energy (left claw)
Scrolls
 c - 2 scrolls of magic mapping {unknown}
 e - 2 scrolls of random uselessness {unknown}
 f - a scroll of teleportation {unknown}
 h - a scroll of identify {unknown}
Comestibles
 b - 7 rations
 d - 5 chunks of flesh


   Skills:
 + Level 2.9 Fighting
 + Level 3.1 Dodging
 + Level 3.8 Unarmed Combat


You had 3 spell levels left.
You didn't know any spells.
Your spell library was empty.

Dungeon Overview and Level Annotations

Branches:
Dungeon (2/15)

Altars:
Elyvilon

Annotations:
D:2 Natasha, Sigmund


Innate Abilities, Weirdness & Mutations

You are too large for most types of armour.
You have claws for hands.
Your metabolism is lightning-fast.
You like to eat raw meat.
Your natural rate of healing is unusually fast.
You are covered in fur. (AC +1)
You have extremely tough skin. (AC +3)


Message History

The rat bites you but does no damage.
Natasha casts a spell.
The white imp gestures at you. The puff of frost misses you.
The white imp hits you. The white imp freezes you.
* * * LOW HITPOINT WARNING * * *
The rat bites you but does no damage. Natasha claws you!
* * * LOW HITPOINT WARNING * * *
You barely miss Natasha.
Natasha is heavily wounded.
The white imp gestures at you. The puff of frost hits you!
* * * LOW HITPOINT WARNING * * *
The rat barely misses you. Natasha claws you but does no damage.
The white imp hits you but does no damage.
A howler monkey comes into view.
The rat barely misses you.
You feel a strong urge to attack something.
The white imp gestures at you. The puff of frost hits you.
You die...

.. ##### ##### # ##....
#...# #...# #
h.....#######...###...###
........................
##.............###......
##...###........###...##.
≈≈...K≈#..............<#.
≈..♣..≈#@........(.....#.
...)..r.#####........#.#.
.♣._.♣h5..# ########.#.#.
.......55.# #.#...
≈..♣..≈#..# #.##.# ≈
...≈≈ ..# #.. #...## ..#
##. ##.. ... #. ... ....
##


You could see Natasha, 2 white imps and a rat.

Vanquished Creatures
  4 gnolls (D:2)
  A worm (D:2)
  A dart slug (D:2)
  A ball python (D:1)
  5 bats
  3 giant cockroaches
  3 goblins (D:1)
  2 hobgoblins (D:1)
  5 kobolds (D:1)
  A quokka (D:1)
  A frilled lizard (D:1)
  3 rats (D:1)
30 creatures vanquished.

Vanquished Creatures (others)
  A quokka (D:2)
1 creature vanquished.

Grand Total: 31 creatures vanquished

Notes
Turn   | Place    | Note
-------+----------+-------------------------------------------
     0 | D:1      | Marnok the Troll Berserker began the quest for the Orb.
     0 | D:1      | Reached XP level 1. HP: 22/22 MP: 0/0
   195 | D:1      | Reached XP level 2. HP: 28/29 MP: 1/1
   383 | D:2      | Noticed Sigmund
   482 | D:1      | Reached ** piety under Trog
   539 | D:2      | Reached XP level 3. HP: 29/36 MP: 2/2
   650 | D:2      | Reached XP level 4. HP: 44/44 MP: 3/3
   697 | D:2      | Found a white marble altar of Elyvilon.
   700 | D:2      | Noticed Natasha
   708 | D:2      | HP: 2/66 [white imp/puff of frost[Natasha] (9)]
   710 | D:2      | Killed from afar by a white imp

Skill      XL: |  1  2  3 |
---------------+----------+-----
Dodging        | 3 |  3.1
Fighting       | |  2.9
Unarmed Combat | |  3.8

Action                   |  1- 3 |  4- 6 || total
-------------------------+-------+-------++-------
Melee: Unarmed           |    87 |    10 ||    97
Invok: Berserk           |     1 |     1 ||     2
  Eat: Chunk             |    12 |       ||    12
Armor: Animal skin       |    45 |     8 ||    53
Dodge: Dodged            |    45 |     6 ||    51
